 Dungeon Crawl Stone Soup version 0.28-a0-1447-ga5a8893891 (webtiles) character file.

Game seed: 17229689851677625423

25 lunkers the Covert (level 2, -4/16 HPs)
             Began as a Spriggan Delver on Jan 11, 2022.
             Slain by Edmund (7 damage)
             ... on level 5 of the Dungeon.
             The game lasted 00:00:49 (215 turns).

lunkers the Covert (Spriggan Delver)                 Turns: 215, Time: 00:00:49

Health: -4/16      AC:  2    Str:  8    XL:     2   Next: 86%
Magic:  3/3        EV: 17    Int: 11    God:
Gold:   0          SH:  0    Dex: 16    Spells: 1/1 levels left

rFire   . . .      SeeInvis +   a - +0 short sword
rCold   . . .      Faith    .   (no shield)
rNeg    . . .      Spirit   .   b - +0 robe
rPois   .          Reflect  .   (helmet restricted)
rElec   .          Harm     .   (no cloak)
rCorr   .          Rampage  .   (gloves unavailable)
Will    .....                   (boots unavailable)
Stlth   ++++......              (no amulet)
HPRegen 0.05/turn               (no ring)
MPRegen 0.08/turn               (no ring)

@: hasted, very quick
A: very small, no large weapons, unfitting armour, see invisible, speed 3
a: no special abilities


You were on level 5 of the Dungeon.
You visited 1 branch of the dungeon, and saw 1 of its levels.

Inventory:

Hand Weapons
 a - a +0 short sword (weapon)
Armour
 b - a +0 robe (worn)
Wands
 g - a wand of digging (3)
Scrolls
 c - a scroll of fog
 d - a scroll of magic mapping
 e - a scroll of fear


   Skills:
 - Level 2.4 Fighting
 + Level 2.2 Short Blades
 - Level 2.6 Dodging
 + Level 8.5 Stealth


You had one spell level left.
You didn't know any spells.
Your spell library was empty.

Dungeon Overview and Level Annotations

Branches:
Dungeon (5/15)
 Temple: D:4-7

Altars:

Annotations:
D:5 Edmund, Eustachio


Innate Abilities, Weirdness & Mutations

You are very small and have problems with some larger weapons.
You are too small for most types of armour.
You have supernaturally acute eyesight. (SInv)
You cover ground extremely quickly. (Speed+++)


Message History

The river rat completely misses you.
You barely miss the river rat. You punch the river rat.
The river rat is heavily wounded.
You barely miss the river rat.
The river rat is heavily wounded.
The river rat misses you.
You hit the river rat but do no damage.
The river rat is heavily wounded.
The river rat misses you.
You hit the river rat but do no damage.
The river rat is heavily wounded.
You closely miss the river rat.
The river rat is heavily wounded.
The river rat bites you.
Ouch! That really hurt!
* * * LOW HITPOINT WARNING * * *
Found a war axe.
A killer bee zombie comes into view.
Eustachio screams, "At last I'll have my revenge!"
Eustachio casts a spell.
Eustachio blinks!
An iguana comes into view.
The helpless iguana fails to defend itself.
You impale the iguana!!
You kill the iguana!
Your Stealth skill increases to level 8!
You have reached level 2!
Found a hunting sling.
A hound skeleton comes into view.
Found a chain mail.
The bat misses you.
Edmund the Younger comes into view.
He is wielding a +0 vorpal dire flail.
Edmund shouts!
You hit Edmund but do no damage.
A wyvern zombie comes into view.
You hit the bat.
You kill the bat!
The bat's corpse disappears in a puff of smoke!
Edmund hits you with a +0 vorpal dire flail!
You die...

#.........+
##........########
#..........b....#
##......#.#####.#
.........#.# #.#
.........#.# #.#
......Z..#.. #.#
..........## #ยง#
........).. #@#
..........## #.@.#
....### ###.. .Z.
.#.. # #. #.


You could see Edmund and a wyvern zombie.

Vanquished Creatures
  An iguana (D:5)
1 creature vanquished.

Notes
Turn   | Place    | Note
-------+----------+-------------------------------------------
     0 | D:5      | lunkers the Spriggan Delver began the quest for the Orb.
     0 | D:5      | Reached XP level 1. HP: 11/11 MP: 2/2
    84 | D:5      | Noticed a necrophage
    84 | D:5      | Noticed a scorpion
   146 | D:5      | Noticed Eustachio
   183 | D:5      | Noticed an iguana
   187 | D:5      | Killed an iguana
   188 | D:5      | Reached skill level 8 in Stealth
   188 | D:5      | Reached XP level 2. HP: 3/16 MP: 3/3
   212 | D:5      | Noticed Edmund
   215 | D:5      | Slain by Edmund

Illustrated notes

Levels and vault maps discovered:
D:5:      layout_basic, serial_curves, eino_curves_03, eino_curves_04,
          uniq_eustachio, uniq_edmund

Skill      XL: |  1 |
---------------+----+-----
Stealth        | 8 |  8.5
Fighting       | |  2.4
Short Blades   | |  2.2
Dodging        | |  2.6

Action                   || total
-------------------------++-------
Melee: Short sword       ||    22
       Punch             ||     1
  Use: Potion            ||     1
 Stab: Sleeping          ||     2
Armor: Robe              ||     1
Dodge: Dodged            ||    17

Table legend: (Time is in decaauts)
 A = Elapsed time spent in this place.
 B = Non-inter-level travel time spent in this place.
 C = Inter-level travel time spent in this place.
 D = Time resting spent in this place.
 E = Time spent auto-exploring this place.
 F = Levels seen in this place.
 G = Mean time per level.
                   A        B        C        D        E       F      G
               +--------+--------+--------+--------+--------+-----+--------+
         Total |    123 |     98 |     25 |      0 |     49 |   1 |  123.0 |
       Dungeon |    123 |     98 |     25 |      0 |     49 |   1 |  123.0 |
               +--------+--------+--------+--------+--------+-----+--------+

Top non-repeatable levels by time:
     D:5: 123 daAuts
